 Dungeon Crawl Stone Soup version 0.31-a0-1626-g5cb510d322 (webtiles) character file.

Game seed: 6688747427603706892

102228 Jeffwins the Eclecticist (level 16, -11/169 HPs)
             Began as an Oni Air Elementalist on Jan 12, 2024.
             Was a High Priest of Vehumet.
             Killed from afar by a frost giant (17 damage)
             ... with a bolt of cold
             ... on level 15 of the Dungeon.
             The game lasted 01:09:20 (30005 turns).

Jeffwins the Eclecticist (Oni Air Elementalist)    Turns: 30005, Time: 01:09:20

Health: -11/169    AC:  3    Str: 16    XL:     16   Next: 32%
Magic:  27/44      EV: 10    Int: 25    God:    Vehumet [*****.]
Gold:   1109       SH:  0    Dex:  9    Spells: 20/45 levels left

rFire   . . .        e - staff of air
rCold   + + .        (no shield)
rNeg    . . .        I - +0 toga "Victory" {*Victory Clar}
rPois   .            (helmet restricted)
rElec   +            w - scarf {rC+ rF+}
rCorr   .            (gloves unavailable)
SInv    .            (boots unavailable)
Will    +....        U - amulet of magic regeneration
Stlth   +            W - ring of magical power
HPRegen 0.48/turn    T - ring of Kuyggih {Ice ^Contam Int+3 Slay+6}
MPRegen 0.69/turn

%: clarity
@: on fire, glowing
A: large, unfitting armour, horns 1, tough skin 1, double potion healing,
drunken brawling
a: Renounce Religion


You were on level 15 of the Dungeon.
You worshipped Vehumet.
Vehumet was extremely pleased with you.
You visited 5 branches of the dungeon, and saw 24 of its levels.
You also visited: Ice Cave.

You collected 2736 gold pieces.
You spent 1627 gold pieces at shops.


Innate Abilities, Weirdness & Mutations

You are too large for most types of armour.
You have a pair of small horns on your head.
You have tough skin. (AC +1)
You gain doubled healing and magic from potions.
Whenever you drink a healing potion, you attack all around you.


   Skills:
 + Level 13.0 Fighting
 - Level 2.0 Dodging
 - Level 2.0 Stealth
 + Level 6.2 Shields
 * Level 15.4 Spellcasting
 * Level 10.9 Conjurations
 * Level 4.4 Summonings
 * Level 6.3 Fire Magic
 * Level 8.9 Ice Magic
 - Level 10.2 Air Magic
 + Level 7.9 Evocations
 * Level 2.6 Shapeshifting


You had 20 spell levels left.
You knew the following spells:

 Your Spells              Type           Power      Damage    Failure   Level
c - Airstrike             Air            41%        2d(6-22)  1%          4
s - Spellforged Servitor  Conj/Summ      27%        N/A       26%         7
v - Freezing Cloud        Conj/Ice/Air   51%        6-21      1%          5
x - Static Discharge      Conj/Air       100%       3-8/arc   1%          2
z - Plasma Beam           Fire/Air       37%        2x1d50    4%          6
X - Shock                 Conj/Air       100%       1d9       1%          1

Your spell library contained the following spells:

 Spells                   Type           Power      Damage    Failure   Level
 Lee's Rapid Deconstruct  Erth           9%         3d7*      21%         5
 Foxfire                  Conj/Fire      100%       2x1d9     1%          1
 Sting                    Conj/Alch      100%       1d9       1%          1
 Summon Small Mammal      Summ           100%       N/A       1%          1
 Mercury Vapours          Alch/Air       100%       N/A       1%          2
 Scorch                   Fire           100%       2d9       1%          2
 Call Canine Familiar     Summ           41%        N/A       1%          3
 Inner Flame              Hex/Fire       35%        N/A       1%          3
 Ozocubu's Armour         Ice            77%        N/A       1%          3
 Swiftness                Air            82%        N/A       1%          3
 Flame Wave               Conj/Fire      58%        2d14      1%          4
 Iskenderun's Battlesphe  Conj           65%        2d11      1%          5
 Conjure Ball Lightning   Conj/Air       41%        3x3d13    1%          6
 Necrotise                Necr           76%        1d7       2%          1
 Slow                     Hex            76%        N/A       2%          1
 Sticky Flame             Fire/Alch      35%        2d7       2%          4
 Summon Blazeheart Golem  Fire/Summ      46%        N/A       3%          4
 Starburst                Conj/Fire      29%        6d9       3%          6
 Lesser Beckoning         Tloc           38%        N/A       4%          2
 Olgreb's Toxic Radiance  Alch           19%        N/A       8%          4
 Confusing Touch          Hex            19%        N/A       9%          3
 Fugue of the Fallen      Necr           19%        N/A       9%          3
 Gell's Gravitas          Tloc           19%        N/A       9%          3
 Sigil of Binding         Hex            19%        N/A       9%          3
 Teleport Other           Tloc           19%        N/A       9%          3
 Vampiric Draining        Necr           19%        2d7       9%          3
 Martyr's Knell           Necr/Summ      30%        N/A       12%         4
 Bombard                  Conj/Erth      23%        9d4       13%         6
 Manifold Assault         Tloc           19%        N/A       28%         4
 Summon Cactus Giant      Summ           20%        N/A       56%         6
 Curse of Agony           Necr           19%        N/A       61%         5
 Discord                  Hex            9%         N/A       100%        8
 Disjunction              Tloc           9%         N/A       100%        8

Inventory:

Hand Weapons
 m - the +4 short sword "Pommui" {drain, Fly rC+ Str+2 Int+3}
   (You found it on level 3 of the Dungeon)

   Str+2:     It affects your strength (+2).
   Int+3:     It affects your intelligence (+3).
   rC+:       It protects you from cold.
   Fly:       It grants you flight.
 C - the +4 trident of Bitawn {protect, ^Contam rElec rN+ Dex+6}
   (You bought it in a shop on level 2 of the Orcish Mines)

   Dex+6:     It affects your dexterity (+6).
   rElec:     It insulates you from electricity.
   rN+:       It protects you from negative energy.
   ^Contam:   It causes magical contamination when unequipped.
Missiles
 l - 2 throwing nets {=f}
 p - 45 poisoned darts
 E - 11 curare-tipped darts {=f}
Armour
 w - a scarf of resistance (worn)
 I - the +0 toga "Victory" (worn) {*Victory Clar}
   (You found it on level 9 of the Dungeon)

   *Victory:  When the wearer kills a threatening monster, it has a chance to
   gain +1 AC, +1 Slay, and +1 Int, capping at +7.
   When the wearer uses a scroll or a potion with a hostile monster in sight,
   its bonuses reset to +0.
   Unequipping it also resets its bonuses to +0.
   Clar:      It protects you from confusion, rage, mesmerisation and fear.
 R - a +0 kite shield
 S - a +0 troll leather armour
 V - a +0 tower shield of cold resistance
Magical Staves
 e - a staff of air (weapon)
Jewellery
 N - a ring of positive energy
 O - a +4 ring of protection
 P - a ring of poison resistance
 T - the ring of Kuyggih (right hand) {Ice ^Contam Int+3 Slay+6}
   (You found it on level 1 of the Lair of Beasts)

   [ring of ice]

   Ice:       It enhances your ice magic.
   Int+3:     It affects your intelligence (+3).
   Slay+6:    It affects your accuracy & damage with ranged weapons and melee
   (+6).
   rF-:       It makes you vulnerable to fire.
   rC+:       It protects you from cold.
   ^Contam:   It causes magical contamination when unequipped.
 U - an amulet of magic regeneration (around neck)
 W - a ring of magical power (left hand)
Talismans
 t - a talisman of death
Wands
 a - a wand of polymorph (6)
 n - a wand of quicksilver (7)
 u - a wand of mindburst (15)
 z - a wand of iceblast (2)
 D - a wand of digging (16)
 J - a wand of charming (6)
 Q - a wand of flame (13)
Scrolls
 d - 2 scrolls of summoning
 f - 7 scrolls of enchant armour
 g - 5 scrolls of immolation {!r}
 h - 4 scrolls of poison {!r}
 i - 9 scrolls of teleportation {@r4}
 j - 2 scrolls of revelation
 k - 4 scrolls of fog
 r - a scroll of blinking
 v - a scroll of vulnerability {!r}
 y - 5 scrolls of enchant weapon
 K - 2 scrolls of fear
 X - a scroll of silence {!r}
 Z - 5 scrolls of identify {@r1}
Potions
 b - 3 potions of magic
 c - 5 potions of cancellation
 o - 3 potions of mutation {!q}
 q - 7 potions of brilliance
 s - 4 potions of heal wounds {@q2}
 x - 4 potions of ambrosia
 A - 2 potions of haste {@q3}
 B - 2 potions of resistance
 F - 2 potions of might
 Y - a potion of enlightenment
Miscellaneous
 G - a tin of tremorstones (2/2)
 H - a box of beasts
 M - a phantom mirror

Dungeon Overview and Level Annotations

Branches:
Dungeon (15/15)            Temple (1/1) D:4            Lair (5/5) D:9
  Swamp (0/4) Lair:2       Spider (0/4) Lair:2        Slime (0/5) Lair:4
    Orc (2/2) D:10            Elf (0/3) Orc:2        Vaults (0/5) D:14
 Depths (1/4) D:15          IceCv (visited)

Altars:
Ashenzari
Cheibriados
Dithmenos
Elyvilon
Fedhas
Gozag
Hepliaklqana
Kikubaaqudgha
Makhleb
Nemelex Xobeh
Okawaru
Qazlal
Ru
Sif Muna
Trog
Uskayaw
Vehumet
Wu Jian
Xom
Yredelemnul
Zin
The Shining One
Jiyva

Shops:
D:1 [   D:8 * Orc:2

[!*( ##.........####.... ##
##..#####..#...... .##
####### ##........ ..###
###...## #........ ....##
##......# ##.......# #....#
#...##..# ##..####..# ##...#
#..####.#####..## #... #...#
#....▒...#....## #..# ##..##
#....▒@#####...# ##..# #..##
#....▒.....#...# #..## ..##
#.#.#[#.#..#...## #..# .##
#...)▒QC3#.#....# #..# ##
#.##.▒.....#.##.# #..# #
##...▒§..#.'....# #..##
#...▒▒▒▒'▒▒▒▒..# #...# #
##.....+.#..⌠▒..# ##...
###########...##.#.....▒.###
#...


You could see a frost giant and a smoke demon.


Message History

* * * LOW HITPOINT WARNING * * *
The tengu warrior misses you.
The frost giant is engulfed in freezing vapours.
The frost giant hits you with a +1 battleaxe of freezing!!
* * * LOW HITPOINT WARNING * * *
The frost giant freezes you.
* * * LOW HITPOINT WARNING * * *
The smoke demon hits you.
* * * LOW HITPOINT WARNING * * *
The smoke demon hits you.
* * * LOW HITPOINT WARNING * * *
The smoke demon hits you but does no damage.
You shake off some of the fire as you move.
You climb upwards.
Welcome back to the Dungeon!
The liquid fire burns you!
* * * LOW HITPOINT WARNING * * *
There is a staircase to the Depths, spattered with blood here.
Unknown command.
Unknown command.
Blink to where?
Press: ? - help, Dir - move target
As you read the scroll of blinking, it crumbles to dust.
The +0 toga "Victory" stops glowing.
The liquid fire burns you!
* * * LOW HITPOINT WARNING * * *
You shake off some of the fire as you move.
The liquid fire burns you!
* * * LOW HITPOINT WARNING * * *
The frost giant points at you and mumbles some strange words.
The bolt of cold hits you! You resist.
You die...

Skill      XL: |  1  2  3  4  5  6  7  8  9 10 11 12 13 14 15 16 |
---------------+-------------------------------------------------+-----
Conjurations   | 1 2 3 4 5 6 7 8 9 10 | 10.9
Fighting       | 1 2 3 5 6 7 8 10 11 12 13 | 13.0
Air Magic      | 3 4 5 6 8 9 10 | 10.2
Dodging        | 2 |  2.0
Spellcasting   | 3 4 5 6 8 9 10 12 13 14 15 | 15.4
Stealth        | 2 |  2.0
Evocations     | 1 2 3 4 5 6 7 |  7.9
Ice Magic      | 2 5 7 8 |  8.9
Shields        | 1 3 5 6 |  6.2
Fire Magic     | 4 5 6 |  6.3
Summonings     | 3 4 |  4.4
Shapeshifting  | 1 2 |  2.6

Action                     |  1- 3 |  4- 6 |  7- 9 | 10-12 | 13-15 | 16-18 || total
---------------------------+-------+-------+-------+-------+-------+-------++-------
  Melee: Unarmed           |    14 |       |       |       |       |       ||    14
         Headbutt          |     1 |     1 |       |       |     6 |     2 ||    10
         Staff             |     3 |     9 |       |     6 |    15 |     1 ||    34
         Punch             |       |     1 |       |       |       |       ||     1
   Cast: Shock             |    69 |    86 |   120 |    85 |       |       ||   360
         Static Discharge  |       |    12 |    37 |   128 |   128 |       ||   305
         Airstrike         |       |       |    40 |   188 |   423 |       ||   651
         Freezing Cloud    |       |       |       |     3 |    37 |     4 ||    44
         Plasma Beam       |       |       |       |       |    98 |    52 ||   150
         Spellforged Servi |       |       |       |       |     1 |       ||     1
  Evoke: Wand              |       |       |     7 |    14 |     3 |     2 ||    26
         Box of beasts     |       |       |       |     2 |     1 |       ||     3
         Phantom mirror    |       |       |       |       |     1 |       ||     1
    Use: Scroll            |       |       |       |    16 |     6 |     1 ||    23
         Potion            |       |       |       |       |       |     7 ||     7
 Armour: Robe              |    23 |    32 |    75 |   315 |   384 |    36 ||   865
  Dodge: Dodged            |    10 |    15 |    15 |    65 |    92 |     7 ||   204

Levels and vault maps discovered:
D:1:      dpeg_arrival_pits, layout_basic,
          dreamdust_ecumenical_altar_sealed_demon, serial_shops,
          nicolae_shop_peninsula, kennysheep_another_room, minmay_lizard_pond
D:2:      layout_basic, feat_on_display, uniq_natasha
D:3:      layout_rooms, mainiacjoe_overflow_six_doors_small,
          mainiacjoe_overflow_catwalk_spiral, lemuel_crystal_altar,
          minivault_25, kennysheep_generic_room_3
D:4:      layout_loops_ring, minmay_temple_entry_butterflies,
          patterned_corridor, uniq_menkaure
D:5:      layout_basic, riverfiend_overflow_shadow_ancestor
D:6:      layout_rooms, kennysheep_mini_moat, dreamdust_princess_bridge,
          kennysheep_big_empty_room
D:7:      minmay_opposing_rooms, layout_loops_corners,
          fedhas_altar_decomposition
D:8:      layout_basic, ashenzari_altar_1, serial_shops, kennysheep_little_box,
          nicolae_lava_and_water
D:9:      layout_irregular_city, minmay_lair_entry_grove
D:10:     layout_loops_ring, david_orc_4, nicolae_eternal_life
D:11:     layout_basic, uniq_sonja, uniq_erolcha
D:12:     layout_roguey, serial_corexii_hall, corexii_hall_statues_i,
          corexii_hall_statues_l, uniq_frances
D:13:     layout_basic
D:14:     nicolae_cairo_tiling_very_big, layout_loops_ring
D:15:     hangedman_depths_entry_civil_slaughter, layout_layer_cave,
          lemuel_flamethrower_2
Temple:   nicolae_temple_ecumenical_triangle
Lair:1:   layout_cave_shapes
Lair:2:   layout_chaotic_city, swamp_mist, spider_nest_entry_a,
          grunt_megastairs_5, lemuel_fruit_fields, infiniplex_staircase_pool_2
Lair:3:   layout_cave_pods, hibernation_bobbens, serial_bayou_shore_b,
          uniq_nergalle
Lair:4:   layout_small_grid, slime_entry_2
Lair:5:   minmay_lair_end_frog_pond, layout_regular_city, basic_altar,
          portal_ice_cave_entry_imps, enter_volcano_2
Orc:1:    layout_diamond_mine
Orc:2:    st_orc_open, layout_diamond_mine, ebering_ghost_xom, basic_altar
Depths:1: layout_cave_shapes, hellmouth_3, nicolae_hepliaklqana_hazy_memory,
          lightli_corner_chamber

Notes
Turn   | Place    | Note
-------+----------+-------------------------------------------
     0 | D:1      | Jeffwins the Oni Air Elementalist began the quest for the
                  | Orb.
     0 | D:1      | Reached XP level 1. HP: 16/16 MP: 3/3
    18 | D:1      | Reached skill level 1 in Conjurations
   104 | D:1      | Reached XP level 2. HP: 26/26 MP: 2/5
   206 | D:1      | Learned a level 2 spell: Static Discharge
   350 | D:1      | Found a faded altar of an unknown god.
   350 | D:1      | Noticed a crimson imp
   620 | D:1      | Reached skill level 1 in Fighting
   745 | D:1      | Reached XP level 3. HP: 33/33 MP: 4/7
   778 | D:1      | Reached skill level 3 in Air Magic
   790 | D:1      | Reached skill level 2 in Dodging
  1110 | D:1      | Found Dytanac's Armour Shop.
  1746 | D:2      | Noticed Natasha
  1752 | D:2      | Killed Natasha
  1753 | D:2      | Reached skill level 3 in Spellcasting
  1753 | D:2      | Reached XP level 4. HP: 41/41 MP: 1/8
  2121 | D:2      | Noticed Natasha
  2156 | D:3      | Identified the +4 short sword "Pommui" {drain, Fly rC+
                  | Str+2 Int+3}
  2236 | D:2      | Killed Natasha
  2237 | D:2      | Reached skill level 2 in Conjurations
  2291 | D:2      | Noticed Natasha
  2296 | D:2      | Killed Natasha
  2297 | D:2      | Reached skill level 2 in Stealth
  2297 | D:2      | Reached XP level 5. HP: 39/49 MP: 2/10
  2394 | D:3      | Found a glowing silver altar of Zin.
  2569 | D:3      | Found a basalt altar of Yredelemnul.
  2584 | D:3      | Found a sparkling altar of Nemelex Xobeh.
  2930 | D:3      | Found a shimmering blue altar of Sif Muna.
  3163 | D:4      | Noticed Menkaure
  3171 | D:4      | Killed Menkaure
  3172 | D:4      | Reached skill level 2 in Fighting
  3172 | D:4      | Reached skill level 4 in Spellcasting
  3172 | D:4      | Reached XP level 6. HP: 59/59 MP: 4/12
  3177 | D:4      | Learned a level 4 spell: Airstrike
  3260 | D:4      | Reached skill level 4 in Air Magic
  3398 | D:4      | Reached skill level 3 in Conjurations
  3527 | D:4      | Found a staircase to the Ecumenical Temple.
  3548 | Temple   | Entered the Ecumenical Temple
  3553 | Temple   | Became a worshipper of Vehumet
  3639 | D:4      | Reached skill level 3 in Fighting
  3639 | D:4      | Reached XP level 7. HP: 60/67 MP: 3/14
  3879 | D:4      | Identified a scarf of resistance
  4197 | D:4      | Reached skill level 5 in Spellcasting
  4518 | D:5      | Entered Level 5 of the Dungeon
  4598 | D:5      | Noticed a yak
  4674 | D:5      | Killed a yak
  4675 | D:5      | Reached skill level 4 in Conjurations
  4835 | D:5      | Reached XP level 8. HP: 78/78 MP: 12/16
  4877 | D:5      | Noticed a yak
  4879 | D:5      | Noticed a yak
  4881 | D:5      | Reached skill level 5 in Air Magic
  4896 | D:5      | Noticed a yak
  4898 | D:5      | Killed a yak
  4898 | D:5      | Noticed a yak
  4899 | D:5      | Reached skill level 4 in Fighting
  4901 | D:5      | Killed a yak
  4901 | D:5      | Killed a yak
  4902 | D:5      | Reached skill level 6 in Spellcasting
  4902 | D:5      | Reached skill level 1 in Evocations
  4920 | D:5      | Killed a yak
  5429 | D:5      | Reached * piety under Vehumet
  5429 | D:5      | Offered knowledge of Magic Dart by Vehumet.
  5430 | D:5      | Reached skill level 5 in Fighting
  5430 | D:5      | Reached skill level 5 in Conjurations
  5574 | D:5      | Reached XP level 9. HP: 71/88 MP: 9/19
  5687 | D:5      | Reached skill level 6 in Air Magic
  5936 | D:5      | Reached skill level 7 in Spellcasting
  5975 | D:5      | Found a hazy altar of Hepliaklqana.
  5977 | D:5      | Found a shadowy altar of Dithmenos.
  6269 | D:6      | Reached skill level 2 in Evocations
  7201 | D:6      | Found an ornate altar of the Wu Jian Council.
  7525 | D:7      | Noticed a gargoyle
  7537 | D:7      | Killed a gargoyle
  7538 | D:7      | Reached skill level 6 in Fighting
  7538 | D:7      | Reached skill level 6 in Conjurations
  7909 | D:7      | Reached skill level 8 in Spellcasting
  8143 | D:7      | Found a blossoming altar of Fedhas.
  8155 | D:7      | Reached XP level 10. HP: 98/98 MP: 13/22
  8225 | D:7      | Reached skill level 7 in Air Magic
  8368 | D:7      | Noticed a two-headed ogre
  8374 | D:7      | Killed a two-headed ogre
  8375 | D:7      | Reached skill level 3 in Evocations
  8492 | D:7      | Reached ** piety under Vehumet
  8492 | D:7      | Offered knowledge of Sting by Vehumet.
  9275 | D:7      | Reached skill level 7 in Conjurations
  9329 | D:7      | Reached skill level 7 in Fighting
  9638 | D:8      | Reached skill level 9 in Spellcasting
  9741 | D:8      | Offered knowledge of Inner Flame by Vehumet.
 10232 | D:8      | Found Maniuzymi's General Store.
 10237 | D:8      | Bought a scroll of noise for 10 gold pieces
 10237 | D:8      | Bought a wand of mindburst (11) for 154 gold pieces
 10237 | D:8      | Bought a potion of might for 40 gold pieces
 10237 | D:8      | Bought a potion of lignification for 30 gold pieces
 10237 | D:8      | Bought a potion of brilliance for 40 gold pieces
 10485 | D:8      | Reached *** piety under Vehumet
 10527 | D:8      | Found a broken altar of Ashenzari.
 10731 | D:8      | Reached skill level 8 in Air Magic
 10878 | D:8      | Reached XP level 11. HP: 73/109 MP: 24/24
 11578 | D:9      | Offered knowledge of Frozen Ramparts by Vehumet.
 11653 | D:9      | Reached skill level 4 in Evocations
 11857 | D:9      | Found a staircase to the Lair.
 11913 | D:9      | Reached skill level 8 in Conjurations
 12001 | D:9      | Reached skill level 8 in Fighting
 12034 | D:9      | Found the +0 toga "Victory" {*Victory Clar}
 12319 | D:10     | Entered Level 10 of the Dungeon
 12411 | D:10     | Noticed a two-headed ogre
 12431 | D:10     | Killed a two-headed ogre
 12432 | D:10     | Reached skill level 10 in Spellcasting
 12950 | D:10     | Reached **** piety under Vehumet
 13174 | D:10     | Offered knowledge of Fulminant Prism by Vehumet.
 13592 | D:10     | Found a staircase to the Orcish Mines.
 13681 | D:10     | Reached skill level 9 in Air Magic
 13977 | D:11     | Noticed a purple ugly thing
 13985 | D:11     | Killed a purple ugly thing
 14323 | D:11     | Noticed a manticore
 14326 | D:11     | Killed a manticore
 14327 | D:11     | Reached XP level 12. HP: 122/122 MP: 24/26
 14384 | D:11     | Reached skill level 9 in Fighting
 14477 | D:11     | Noticed Sonja
 14477 | D:11     | Noticed Erolcha
 14482 | D:11     | Killed Sonja
 14483 | D:11     | Reached skill level 11 in Spellcasting
 14483 | D:11     | Reached skill level 9 in Conjurations
 14485 | D:11     | Killed Erolcha
 15213 | D:12     | Reached skill level 5 in Evocations
 15276 | D:12     | Noticed Frances
 15292 | D:12     | Killed Frances
 15562 | D:12     | Reached ***** piety under Vehumet
 15575 | D:12     | Offered knowledge of Freezing Cloud by Vehumet.
 15714 | D:12     | Learned a level 5 spell: Freezing Cloud
 16372 | Lair:1   | Entered Level 1 of the Lair of Beasts
 16379 | Lair:1   | Reached skill level 1 in Ice Magic
 16379 | Lair:1   | Reached skill level 10 in Air Magic
 16482 | Lair:1   | Reached skill level 1 in Shields
 16623 | Lair:1   | Reached skill level 2 in Ice Magic
 16817 | Lair:1   | Identified a scroll of acquirement
 16817 | Lair:1   | Acquired 544 gold pieces
 17030 | Lair:1   | Reached skill level 10 in Fighting
 17036 | Lair:1   | Identified the ring of Kuyggih {Ice ^Contam Int+3 Slay+6}
 17354 | Lair:2   | Reached skill level 12 in Spellcasting
 17354 | Lair:2   | Reached XP level 13. HP: 133/133 MP: 28/29
 17515 | Lair:1   | Reached skill level 3 in Ice Magic
 17663 | Lair:2   | Reached skill level 2 in Shields
 18005 | Lair:2   | Found a staircase to the Swamp.
 18292 | Lair:2   | Found a hole to the Spider Nest.
 18355 | Lair:2   | You fall into a shaft and drop 2 floors!
 18444 | Lair:3   | Noticed Nergalle
 18448 | Lair:3   | Killed Nergalle
 18449 | Lair:3   | Reached skill level 4 in Ice Magic
 18616 | Lair:3   | Reached skill level 6 in Evocations
 18672 | Lair:3   | Reached skill level 3 in Shields
 20084 | Lair:3   | Reached skill level 11 in Fighting
 20084 | Lair:3   | Reached skill level 13 in Spellcasting
 20341 | Lair:4   | Reached skill level 5 in Ice Magic
 20443 | Lair:4   | Found a viscous altar of Jiyva.
 20444 | Lair:4   | Found a staircase to the Slime Pits.
 20677 | Lair:4   | Offered knowledge of Plasma Beam by Vehumet.
 21327 | Lair:4   | Identified the +0 robe "Xiunga" {Rampage rElec rN++ Slay-3}
 21670 | Lair:5   | Entered Level 5 of the Lair of Beasts
 21679 | Lair:5   | Reached XP level 14. HP: 144/146 MP: 20/31
 21699 | Lair:5   | Found a frozen archway.
 21706 | Lair:5   | Reached skill level 4 in Shields
 21721 | Lair:5   | Reached skill level 6 in Ice Magic
 21780 | Lair:5   | Identified 2 potions of resistance
 21784 | IceCv    | Entered an ice cave
 22038 | IceCv    | Learned a level 6 spell: Plasma Beam
 22181 | IceCv    | Noticed a reaper
 22187 | IceCv    | Killed a reaper
 22188 | IceCv    | Reached skill level 1 in Fire Magic
 22369 | IceCv    | Offered knowledge of Conjure Ball Lightning by Vehumet.
 22547 | Lair:5   | Reached skill level 2 in Fire Magic
 22615 | Lair:5   | Reached skill level 14 in Spellcasting
 22705 | Lair:5   | Reached skill level 7 in Evocations
 22766 | Lair:5   | Found a glowing golden altar of the Shining One.
 22770 | Lair:5   | Reached skill level 3 in Fire Magic
 22770 | Lair:5   | Reached skill level 7 in Ice Magic
 22772 | Lair:5   | Reached skill level 12 in Fighting
 22921 | Lair:5   | Reached skill level 5 in Shields
 23137 | Lair:5   | Reached skill level 4 in Fire Magic
 23391 | Lair:5   | Reached XP level 15. HP: 158/158 MP: 22/33
 23445 | Lair:5   | Learned a level 7 spell: Spellforged Servitor
 23693 | Orc:1    | Entered Level 1 of the Orcish Mines
 24278 | Orc:2    | Entered Level 2 of the Orcish Mines
 24285 | Orc:2    | Reached skill level 10 in Conjurations
 24308 | Orc:2    | Reached skill level 1 in Summonings
 24360 | Orc:2    | Offered knowledge of Arcjolt by Vehumet.
 24382 | Orc:2    | Found a staircase to the Elven Halls.
 24812 | Orc:2    | Found a runed translucent door.
 24812 | Orc:2    | Found a shimmering altar of Xom.
 24812 | Orc:2    | Noticed zenocrate's ghost (journeyman VSEn)
 24971 | Orc:2    | Killed zenocrate's ghost
 24991 | Orc:2    | Paralysed by something for 5 turns
 25222 | Orc:2    | Reached skill level 8 in Ice Magic
 25372 | Orc:2    | Reached skill level 2 in Summonings
 25389 | Orc:2    | Reached skill level 5 in Fire Magic
 25536 | Orc:2    | Found Cethes's Antique Weapon Shoppe.
 25543 | Orc:2    | Found Hiqeacsac's Distillery.
 25548 | Orc:2    | Found Otaob's Antique Armour Shop.
 25565 | Orc:2    | Bought a potion of cancellation for 96 gold pieces
 25565 | Orc:2    | Bought a potion of heal wounds for 60 gold pieces
 25565 | Orc:2    | Bought a potion of curing for 36 gold pieces
 25565 | Orc:2    | Bought a potion of heal wounds for 60 gold pieces
 25565 | Orc:2    | Bought a potion of enlightenment for 60 gold pieces
 25565 | Orc:2    | Bought 2 potions of cancellation for 192 gold pieces
 25568 | Orc:2    | Found Xics's General Store.
 25576 | Orc:2    | Bought a scroll of identify for 32 gold pieces
 25576 | Orc:2    | Bought a potion of ambrosia for 128 gold pieces
 25576 | Orc:2    | Bought a scroll of identify for 32 gold pieces
 25576 | Orc:2    | Bought a potion of haste for 160 gold pieces
 25576 | Orc:2    | Bought a scroll of identify for 32 gold pieces
 25705 | Orc:2    | Bought a crystal dagger for 210 gold pieces
 25705 | Orc:2    | Identified the +0 dagger "Nireff" {flame, rElec Will- Dex-2
                  | Stlth+} (You bought it in a shop on level 2 of the Orcish
                  | Mines)
 25705 | Orc:2    | Bought a bloodstained trident for 255 gold pieces
 25705 | Orc:2    | Identified the +4 trident of Bitawn {protect, ^Contam rElec
                  | rN+ Dex+6} (You bought it in a shop on level 2 of the
                  | Orcish Mines)
 25908 | Orc:2    | Upgraded the game from 0.31-a0-1620-gcbf77bbcfc to
                  | 0.31-a0-1626-g5cb510d322
 26405 | D:13     | Offered knowledge of Lee's Rapid Deconstruction by Vehumet.
 26409 | D:13     | Reached skill level 15 in Spellcasting
 26409 | D:13     | Reached skill level 3 in Summonings
 26539 | D:13     | Identified the +6 chain mail of the Bagpipe {Harm rElec rF-
                  | Int+6 SInv}
 26957 | D:14     | Reached ****** piety under Vehumet
 27199 | D:14     | Reached skill level 1 in Shapeshifting
 27548 | D:14     | Found a gate to the Vaults.
 27600 | D:15     | Entered Level 15 of the Dungeon
 27793 | D:15     | Found a staircase to the Depths.
 27802 | D:15     | Reached XP level 16. HP: 86/167 MP: 34/35
 28125 | D:15     | Reached skill level 6 in Shields
 28263 | D:15     | Reached skill level 6 in Fire Magic
 28264 | D:15     | Reached skill level 4 in Summonings
 28514 | D:15     | Reached skill level 2 in Shapeshifting
 28954 | Depths:1 | Entered Level 1 of the Depths
 29075 | Depths:1 | Reached skill level 13 in Fighting
 29235 | D:15     | HP: 1/169 [sun demon (19)]
 29554 | D:15     | HP: 13/169 [burnt (12)]
 30005 | D:15     | HP: 5/169 [burnt (14)]
 30005 | D:15     | Killed from afar by a frost giant

Vanquished Creatures
  Frances (D:12)
  A fire giant (Depths:1)
  3 stone giants (Depths:1)
  The ghost of zenocrate the Covert, a journeyman VSEn of Gozag (Orc:2)
  A nameless horror (Orc:2)
  2 ettins
  An ice dragon (Depths:1)
  2 ogre magi (Orc:2)
  3 hydras
  Erolcha (D:11)
  2 centaur warriors
  11 two-headed ogres
  4 death yaks (Lair:5)
  5 tengu warriors
  A deep troll shaman (Depths:1)
  2 sun demons
  A soul eater (D:15)
  Nergalle (Lair:3)
  Sonja (D:11)
  A skyshark (Lair:3)
  A goliath frog (Lair:5)
  3 deep trolls
  A deep elf pyromancer (D:15)
  An orc knight (Orc:2)
  2 necromancers (D:15)
  7 ugly things
  An oklob plant (Lair:1)
  3 cyclopes
  2 orc sorcerers (Orc:2)
  A meliai (shapeshifter) (D:13)
  4 manticores
  8 kobold blastminers
  3 black mambas
  3 gargoyles
  24 cane toads
  A smoke demon (Depths:1)
  18 elephants
  2 ice statues (IceCv)
  2 torpor snails (Lair:3)
  4 kobold demonologists
  An unseen horror (shapeshifter) (D:13)
  10 komodo dragons
  3 yaktaurs (D:15)
  An anaconda simulacrum (IceCv)
  A rime drake (Lair:2)
  7 ice devils (IceCv)
  4 tengu conjurers
  9 trolls
  3 polar bears (Lair:4)
  2 tyrant leeches (Lair:5)
  36 blink frogs
  8 dream sheep
  17 slime creatures
  3 shadows
  A jumping spider (Lair:2)
  7 wyverns
  37 yaks
  2 wraiths
  2 basilisks
  A fire bat (D:15)
  A steam dragon (D:10)
  3 wargs (Orc:2)
  2 redbacks (Lair:2)
  A redback (shapeshifter) (Depths:1)
  Menkaure (D:4)
  12 vampire mosquitoes
  2 harpy simulacra (IceCv)
  An acid dragon (D:11)
  11 water moccasins
  A hydra simulacrum (IceCv)
  4 ice beasts
  2 black bears (D:7)
  14 orc warriors
  2 sky beasts
  A hornet zombie (D:7)
  20 ogres
  3 boggarts (D:15)
  10 centaurs
  3 wolves (Lair:1)
  2 phantoms
  5 kobold brigands
  20 bullfrogs
  2 gnoll sergeants
  3 scorpions
  3 necrophages (D:7)
  2 cane toad simulacra (IceCv)
  2 wyvern zombies (D:7)
  3 wights (D:6)
  An elephant simulacrum (IceCv)
  5 killer bees (D:8)
  3 electric eels
  6 howler monkeys
  A lava snake (D:8)
  8 hounds
  9 orc priests
  3 bombardier beetles
  9 jellies
  2 sleepcaps
  Natasha (thrice) (D:2)
  2 iguanas
  18 orc wizards
  A troll simulacrum (IceCv)
  3 spriggan simulacra (IceCv)
  A polar bear simulacrum (IceCv)
  2 wolf simulacra (IceCv)
  12 adders
  12 gnolls
  3 naga simulacra (IceCv)
  4 shadow imps
  16 white imps
  6 ufetubi
  5 dart slugs
  2 ribbon worms (D:3)
  54 orcs
  4 bats
  9 endoplasms
  3 giant cockroaches (D:1)
  10 goblins
  7 hobgoblins
  2 jackals (D:1)
  2 quokkas (D:4)
  3 ball pythons
  9 frilled lizards
  20 kobolds
  3 rats
  2 butterflies (D:4)
692 creatures vanquished.

Vanquished Creatures (collateral kills)
  A reaper (IceCv)
  A dancing weapon (Orc:2)
  An ogre (Orc:2)
3 creatures vanquished.

Grand Total: 695 creatures vanquished

Table legend: (Time is in decaauts)
 A = Elapsed time spent in this place.
 B = Non-inter-level travel time spent in this place.
 C = Inter-level travel time spent in this place.
 D = Time resting spent in this place.
 E = Time spent auto-exploring this place.
 F = Levels seen in this place.
 G = Mean time per level.
                   A        B        C        D        E       F      G
               +--------+--------+--------+--------+--------+-----+--------+
         Total |  30052 |  28718 |   1334 |   2796 |  22547 |  25 | 1202.1 |
       Dungeon |  20393 |  19450 |    943 |   1870 |  15603 |  15 | 1359.5 |
        Temple |     10 |      6 |      4 |      0 |      0 |   1 |   10.0 |
          Lair |   6527 |   6234 |    293 |    454 |   4997 |   5 | 1305.4 |
  Orcish Mines |   2233 |   2140 |     93 |    154 |   1674 |   2 | 1116.5 |
        Depths |    153 |    153 |      0 |    108 |      0 |   1 |  153.0 |
      Ice Cave |    734 |    734 |      0 |    210 |    273 |   1 |  734.0 |
               +--------+--------+--------+--------+--------+-----+--------+

Top non-repeatable levels by time:
     D:7: 2574 daAuts
    D:15: 2119 daAuts
     D:5: 1707 daAuts
    D:10: 1688 daAuts
  Lair:3: 1552 daAuts
     D:8: 1453 daAuts
  Lair:4: 1427 daAuts
   Orc:2: 1417 daAuts
    D:12: 1416 daAuts
     D:4: 1395 daAuts
  Lair:2: 1258 daAuts
     D:1: 1208 daAuts
  Lair:1: 1185 daAuts
    D:11: 1125 daAuts
  Lair:5: 1103 daAuts

Table legend:
 A = Non-vault XP
 B = Vault XP
 C = Vault XP percentage of total XP
 D = Non-vault monster count
 E = Vault monster count
 F = Vault count percentage of total count
                 A         B        C        D         E       F
            +---------+---------+-------+---------+---------+-------
      Total |   94346 |   51695 |  35.4 |     491 |     201 |  29.0
            +---------+---------+-------+---------+---------+-------
        D:1 |      45 |       6 |  11.8 |      24 |       6 |  20.0
        D:2 |     103 |      35 |  25.4 |      10 |       1 |   9.1
        D:3 |      44 |       3 |   6.4 |      17 |       2 |  10.5
        D:4 |     467 |     169 |  26.6 |      25 |       1 |   3.8
        D:5 |    1930 |       0 |   0.0 |      31 |       0 |   0.0
        D:6 |     741 |       0 |   0.0 |      15 |       0 |   0.0
        D:7 |    1786 |    2069 |  53.7 |      19 |      16 |  45.7
        D:8 |    2011 |     196 |   8.9 |      31 |       1 |   3.1
        D:9 |     481 |    1571 |  76.6 |       9 |       9 |  50.0
       D:10 |    3358 |     737 |  18.0 |      26 |      17 |  39.5
       D:11 |    3718 |    1620 |  30.3 |      17 |       2 |  10.5
       D:12 |    3454 |    1587 |  31.5 |      14 |       1 |   6.7
       D:13 |    5099 |       0 |   0.0 |      18 |       0 |   0.0
       D:14 |    9368 |       0 |   0.0 |      21 |       0 |   0.0
       D:15 |    5984 |    5234 |  46.7 |      20 |       7 |  25.9
     Lair:1 |    6218 |       0 |   0.0 |      22 |       0 |   0.0
     Lair:2 |    4499 |    2590 |  36.5 |      19 |      12 |  38.7
     Lair:3 |    5887 |    1166 |  16.5 |      17 |       2 |  10.5
     Lair:4 |    6639 |     175 |   2.6 |      23 |       4 |  14.8
     Lair:5 |   16932 |   10915 |  39.2 |      45 |      47 |  51.1
      Orc:1 |    3443 |       0 |   0.0 |      23 |       0 |   0.0
      Orc:2 |    4477 |   16751 |  78.9 |      36 |      39 |  52.0
   Depths:1 |    7662 |    1223 |  13.8 |       9 |       2 |  18.2
      IceCv |       0 |    5648 | 100.0 |       0 |      32 | 100.0
            +---------+---------+-------+---------+---------+-------
